 Dungeon Crawl Stone Soup version 0.18.1-48-g4cf74bf (console) character file.

22632 Kloppie the Spear-Bearer (level 12, -15/154 HPs)
             Began as a Centaur Berserker on Sept 5, 2016.
             Was a High Priest of Trog.
             Demolished by a death yak (17 damage)
             ... on level 6 of the Lair of Beasts.
             The game lasted 00:29:03 (18980 turns).

Kloppie the Spear-Bearer (Centaur Berserker)       Turns: 18980, Time: 00:29:04

Health: -15/154    AC: 19    Str: 26    XL:     12   Next: 64%
Magic:  12/12      EV:  7    Int:  6    God:    Trog [*****.]
Gold:   724        SH:  9    Dex: 13    Spells: 0 memorised, 11 levels left

rFire  . . .     SeeInvis +     b - +8 spear of Itirezol {pierce, SInv}
rCold  . . .     Gourm    +     H - +3 ring mail
rNeg   . . .     Faith    .     o - +3 warlock's mirror {reflect}
rPois  +         Spirit   .     G - +0 helmet
rElec  .         Dismiss  .     w - +1 cloak
rCorr  .         Reflect  +     g - +2 pair of gloves
SustAt .         Harm     .     e - +0 centaur barding
MR     +....                    F - amulet of the gourmand
Stlth  ..........               x - ring of poison resistance
                                j - ring of protection from magic

@: berserking, very quick, somewhat resistant to hostile enchantments, extremely
unstealthy
A: hooves 3, deformed body, speed 2, tough skin 3
a: Berserk, Trog's Hand, Brothers in Arms, Burn Spellbooks, Renounce Religion


You were on level 6 of the Lair of Beasts.
You worshipped Trog.
Trog was extremely pleased with you.
You were very full.

You visited 2 branches of the dungeon, and saw 16 of its levels.
You also visited: Sewer.

You collected 832 gold pieces.
You spent 108 gold pieces at shops.

Inventory:

Hand Weapons
 a - a +0 trident
 b - the +8 spear of Itirezol (weapon) {pierce, SInv}
   (Trog gifted it to you on level 5 of the Lair of Beasts)

   It inflicts extra damage upon your enemies.
   It lets you see invisible.
Armour
 e - a +0 centaur barding (worn)
 g - a +2 pair of gloves (worn)
 o - the +3 warlock's mirror (worn) {reflect}
   (You found it on level 6 of the Lair of Beasts)
 w - a +1 cloak (worn)
 C - a +1 shield of cold resistance
 G - a +0 helmet (worn)
 H - a +3 ring mail (worn)
Jewellery
 j - a ring of protection from magic (left hand)
 n - an uncursed ring of resist corrosion
 x - a ring of poison resistance (right hand)
 F - an amulet of the gourmand (around neck)
Wands
 D - a wand of teleportation (5/9)
 E - a wand of disintegration (13/24)
 J - a wand of digging (11/24)
 N - a wand of teleportation (3/9)
Scrolls
 d - a scroll of identify
 f - 3 scrolls of magic mapping
 l - a scroll of enchant armour
 m - a scroll of blinking
 r - 5 scrolls of fog
 v - a scroll of enchant weapon
 y - 7 scrolls of remove curse
 I - 2 scrolls of teleportation
 P - a scroll of recharging
 S - 2 scrolls of fear
Potions
 h - 3 potions of might
 i - 4 potions of flight
 k - 2 potions of haste
 p - 5 potions of heal wounds
 q - 5 potions of curing
 t - a potion of agility
 z - a potion of cancellation
 A - 2 potions of invisibility
Comestibles
 c - 7 bread rations
 u - 2 beef jerkies
 B - a slice of pizza
 K - 4 meat rations
 L - 7 fruits


   Skills:
 + Level 8.6 Fighting
 + Level 13.7 Polearms
 - Level 1.3 Armour
 - Level 1.3 Dodging
 - Level 10.0 Shields


You had 11 spell levels left.
You didn't know any spells.

Dungeon Overview and Level Annotations

Branches:
Dungeon (9/15)             Temple (0/1) D:5            Lair (7/8) D:9
 Shoals (0/4) Lair:6       Spider (0/4) Lair:5
  Slime: Lair:6-8       Orc: D:9-12

Altars:
Cheibriados
Elyvilon
Fedhas
Kikubaaqudgha
Nemelex Xobeh
Pakellas
Ru
Sif Muna
Yredelemnul

Shops:
D:4 [   D:5 (   D:6 [   D:8 [


Innate Abilities, Weirdness & Mutations

You have hooves in place of feet.
Armour fits poorly on your strangely shaped body.
You cover ground very quickly.
You have extremely tough skin (AC +3).


Message History

The hippogriff completely misses you.
You hit the death yak. You kick the death yak.
The death yak is lightly wounded.
The death yak gores you!
* * * LOW HITPOINT WARNING * * *
The death yak gores you!
* * * LOW HITPOINT WARNING * * *
You hit the death yak. You kick the death yak.
The death yak is moderately wounded.
The death yak gores you!!
* * * LOW HITPOINT WARNING * * *
You impale the death yak!!
The death yak is heavily wounded.
The hippogriff bites you but does no damage.
The hippogriff closely misses you. x2
You impale the death yak!!
The death yak is severely wounded.
The death yak gores you but does no damage.
The death yak gores you!
You die...

### ##########.###
#.##.##..Y†..##### ### #
#.P.#..#.H@...##.# #.# ##
#........Y.Y....######.###P
##..............###..#...PP
#..................†.......
#..........................
###....##......#######.....
#######...'###≈≈≈≈≈####..
##..#≈≈≈#≈≈≈#≈≈≈#..
##.#≈≈≈#≈≈≈#≈≈≈#..


You could see 3 death yaks and a hippogriff.

Vanquished Creatures
  2 hydras
  Erica (D:9)
  The ghost of dricus the Cleaver, a novice MiGl of Okawaru (D:8)
  Pikel (D:7)
  A griffon (Lair:5)
  4 elephants (Lair:3)
  2 black mambas (Lair:2)
  Psyche (Lair:2)
  4 spiny frogs
  4 komodo dragons
  A troll (D:9)
  A merfolk (Lair:6)
  4 blink frogs (Lair:1)
  A two-headed ogre (D:9)
  Prince Ribbit (D:6)
  Sigmund (D:6)
  15 yaks
  6 humans (Lair:2)
  2 basilisks
  7 hippogriffs
  8 water moccasins
  3 orc warriors
  9 porcupines
  Duvessa (D:6)
  3 black bears (D:8)
  3 ice beasts
  3 sky beasts
  3 phantoms
  3 centaurs
  An eye of draining (D:8)
  An ogre (D:8)
  8 crocodiles
  8 giant frogs
  3 big kobolds
  Dowan (D:6)
  2 scorpions
  5 killer bees (D:8)
  5 howler monkeys
  2 electric eels
  5 crimson imps
  6 hounds
  A jelly (D:8)
  A wasp zombie (D:9)
  11 orc wizards
  A gnoll shaman (D:4)
  5 orc priests
  2 giant frog skeletons
  A centaur skeleton (D:8)
  Crazy Yiuf (D:3)
  Jessica (D:3)
  6 iguanas
  8 worker ants
  Terence (D:3)
  27 sheep
  13 adders
  12 gnolls
  54 river rats
  2 shadow imps
  An ooze (Sewer)
  4 worms
  12 dart slugs
  7 giant geckos
  32 orcs
  7 giant cockroaches
  8 goblins
  7 hobgoblins
  14 jackals
  7 quokkas
  7 ball pythons
  6 bats
  A giant gecko skeleton (D:6)
  5 giant newts
  21 kobolds
  A quokka skeleton (D:9)
  26 rats
  A plant (Lair:5)
457 creatures vanquished.

Vanquished Creatures (collateral kills)
  Nessos (Lair:5)
1 creature vanquished.

Vanquished Creatures (others)
  A slave (D:7)
  3 river rats (Lair:7)
  An orc (D:8)
  A fungus (Lair:2)
  A plant (D:9)
7 creatures vanquished.

Grand Total: 465 creatures vanquished

Notes
Turn   | Place    | Note
--------------------------------------------------------------
     0 | D:1      | Kloppie the Centaur Berserker began the quest for the Orb.
     0 | D:1      | Reached XP level 1. HP: 19/19 MP: 1/1
   203 | D:1      | Reached skill level 3 in Polearms
   313 | D:1      | Reached XP level 2. HP: 26/26 MP: 2/2
   729 | D:2      | Reached XP level 3. HP: 21/31 MP: 3/3
   800 | D:2      | Found a deep blue altar of Sif Muna.
   801 | D:2      | Found an oddly glowing altar of Pakellas.
   801 | D:2      | Found a white marble altar of Elyvilon.
   802 | D:2      | Found a basalt altar of Yredelemnul.
   802 | D:2      | Found an ancient bone altar of Kikubaaqudgha.
   803 | D:2      | Found a sacrificial altar of Ru.
   803 | D:2      | Found a snail-covered altar of Cheibriados.
   804 | D:2      | Found a sparkling altar of Nemelex Xobeh.
   816 | D:2      | Reached ** piety under Trog
  1076 | D:3      | Noticed Terence
  1086 | D:3      | Reached XP level 4. HP: 40/40 MP: 4/4
  1091 | D:3      | Killed Terence
  1096 | D:3      | Reached skill level 4 in Polearms
  1341 | D:3      | Noticed Jessica
  1342 | D:3      | Found a glowing drain.
  1354 | D:3      | Killed Jessica
  1354 | D:3      | Reached XP level 5. HP: 36/47 MP: 5/5
  1408 | Sewer    | Entered a sewer
  1626 | Sewer    | Reached *** piety under Trog
  1992 | Sewer    | Reached skill level 5 in Fighting
  1992 | Sewer    | Reached XP level 6. HP: 14/56 MP: 6/6
  2233 | Sewer    | Reached skill level 5 in Polearms
  2615 | Sewer    | Reached **** piety under Trog
  2849 | D:3      | Noticed Crazy Yiuf
  2853 | D:3      | Killed Crazy Yiuf
  3105 | D:3      | Reached XP level 7. HP: 62/62 MP: 7/7
  3399 | D:4      | Reached skill level 6 in Polearms
  3429 | D:4      | Reached ***** piety under Trog
  3595 | D:4      | Found Sucawoc's Antique Armour Shop.
  3603 | D:4      | Bought a shiny shield for 108 gold pieces
  4376 | D:5      | Entered Level 5 of the Dungeon
  4681 | D:5      | Reached skill level 1 in Shields
  4681 | D:5      | Reached XP level 8. HP: 69/71 MP: 8/8
  4831 | D:5      | Found Echueg's Weapon Shoppe.
  4930 | D:5      | Found a staircase to the Ecumenical Temple.
  5010 | D:5      | Reached skill level 7 in Polearms
  5420 | D:6      | Noticed Prince Ribbit
  5808 | D:6      | Noticed Sigmund
  5873 | D:6      | Killed Sigmund
  6205 | D:6      | Reached skill level 8 in Polearms
  6273 | D:6      | Found Syqubbad's Armour Emporium.
  6350 | D:6      | Killed Prince Ribbit
  6350 | D:6      | Received a gift from Trog
  6350 | D:6      | Reached XP level 9. HP: 44/78 MP: 9/9
  6479 | D:6      | Noticed Duvessa
  6479 | D:6      | Noticed Dowan
  6494 | D:6      | Killed Duvessa
  6513 | D:6      | Killed Dowan
  6940 | D:7      | Noticed Pikel
  6972 | D:7      | Killed Pikel
  6972 | D:7      | Reached skill level 9 in Polearms
  6972 | D:7      | Reached skill level 5 in Shields
  8042 | D:8      | Noticed dricus's ghost (novice MiGl)
  8064 | D:8      | Killed dricus's ghost
  8064 | D:8      | Reached XP level 10. HP: 60/84 MP: 10/10
  8190 | D:8      | Reached skill level 10 in Polearms
  9338 | D:8      | Found Qutriary's Armour Shop.
  9939 | D:9      | Found a blossoming altar of Fedhas.
 10165 | D:9      | Found a staircase to the Lair.
 10329 | D:9      | Noticed Erica
 10340 | D:9      | Killed Erica
 10340 | D:9      | Reached skill level 11 in Polearms
 10810 | Lair:1   | Entered Level 1 of the Lair of Beasts
 11031 | Lair:1   | Reached XP level 11. HP: 55/91 MP: 11/11
 12718 | Lair:2   | Identified A Beginning Course on Spellcraft
 13493 | Lair:2   | Reached skill level 12 in Polearms
 13536 | Lair:2   | Noticed Psyche
 13589 | Lair:2   | Killed Psyche
 13599 | Lair:2   | Received a gift from Trog
 14287 | Lair:3   | Noticed a five-headed hydra
 14302 | Lair:3   | Killed a five-headed hydra
 14759 | Lair:3   | Reached XP level 12. HP: 65/97 MP: 12/12
 15268 | Lair:3   | Reached skill level 13 in Polearms
 15796 | Lair:3   | Reached skill level 10 in Shields
 16873 | Lair:5   | Noticed Nessos
 16889 | Lair:5   | Killed Nessos
 17351 | Lair:5   | Found a hole to the Spider Nest.
 17763 | Lair:5   | Received a gift from Trog
 17764 | Lair:5   | Got a crude spear {god gift}
 17765 | Lair:5   | Identified the +8 spear of Itirezol {pierce, SInv} (Trog gifted it to you on level 5 of the Lair of Beasts)
 18507 | Lair:6   | Noticed a six-headed hydra
 18517 | Lair:6   | Killed a six-headed hydra
 18743 | Lair:6   | Found a staircase to the Shoals.
 18959 | Lair:7   | Noticed a death yak
 18959 | Lair:7   | Noticed a death yak
 18959 | Lair:7   | Noticed a death yak
 18959 | Lair:7   | Noticed a death yak
 18978 | Lair:6   | HP: 1/154 [death yak (19)]
 18980 | Lair:6   | Demolished by a death yak

Skill      XL: |  1  2  3  4  5  6  7  8  9 10 11 12 |
---------------+-------------------------------------+-----
Polearms       | 3 4 5 6 8 9 11 12 13 | 13.7
Fighting       | 4 5 6 8 |  8.6
Shields        | 1 4 6 7 9 10 | 10.0
Armour         | |  1.3
Dodging        | |  1.3

Action                   |  1- 3 |  4- 6 |  7- 9 | 10-12 || total
-------------------------+-------+-------+-------+-------++-------
Melee: Spear             |    99 |   344 |   600 |   585 ||  1628
       Kick              |    13 |    84 |   188 |   456 ||   741
       Trident           |       |       |    98 |   857 ||   955
Invok: Berserk           |     1 |     5 |     4 |    13 ||    23
       Trog's Hand       |       |       |     5 |     8 ||    13
       Brothers in Arms  |       |       |       |     1 ||     1
  Use: Scroll            |       |       |    13 |    18 ||    31
       Potion            |       |       |       |     1 ||     1
  Eat: Chunk             |       |     6 |    13 |    49 ||    68
       Meat ration       |       |     1 |     1 |     1 ||     3
       Pizza             |       |       |     1 |     1 ||     2
Armor: Ring mail         |    29 |   221 |   205 |   350 ||   805
       Animal skin       |     2 |       |       |       ||     2
Dodge: Dodged            |    24 |   168 |   172 |   335 ||   699
Block: Buckler           |       |       |    52 |    97 ||   149
       Shield            |       |       |       |   331 ||   331
       Reflection        |       |       |       |     1 ||     1
